 Dungeon Crawl Stone Soup version 0.31-a0-210-gccc998df9b (webtiles) character file.

Game seed: 14976573539239886899

1610 Thug187 the Ducker (level 8, -7/54 HPs)
             Began as a Merfolk Gladiator on June 29, 2023.
             Was a Follower of Hepliaklqana.
             Mangled by a sixfirhy (10 damage)
             ... on level 7 of the Dungeon.
             The game lasted 01:05:23 (5876 turns).

Thug187 the Ducker (Merfolk Gladiator)              Turns: 5876, Time: 01:05:24

Health: -7/54      AC: 14    Str: 23    XL:     8   Next: 95%
Magic:  8/8        EV: 20    Int:  5    God:    Hepliaklqana [*.....]
Gold:   413        SH:  0    Dex: 16    Spells: 7/7 levels left

rFire   . . .        q - +10 dagger "Qephoeth" {flame, Will+ Str+4 Int-2 SInv}
rCold   . . .        (no shield)
rNeg    + . .        I - +3 ring mail of the Seven of Pentacles {Rampage Fly Str+3}
rPois   .            (helmet restricted)
rElec   .            (no cloak)
rCorr   .            o - +0 pair of gloves
SInv    +            J - +1 pair of boots
Will    +....        (no amulet)
Stlth   +            j - ring of positive energy
HPRegen 0.29/turn    D - +5 ring of evasion
MPRegen 0.11/turn

%: rampage
@: flying
A: reduced essence, (nimble swimmer 2), mertail, antennae 1, iridescent scales 1
a: Renounce Religion, Recall Ancestor, Ancestor Identity


You were on level 7 of the Dungeon.
You worshipped Hepliaklqana.
Hepliaklqana was aware of your devotion.
You visited 2 branches of the dungeon, and saw 8 of its levels.

You collected 413 gold pieces.

Inventory:

Hand Weapons
 a - a +0 trident
 p - a +2 dagger of electrocution
 q - the +10 dagger "Qephoeth" (weapon) {flame, Will+ Str+4 Int-2 SInv}
   (You found it on level 2 of the Dungeon)

   Str:       It affects your strength (+4).
   Int:       It affects your intelligence (-2).
   SInv:      It lets you see invisible.
   Will:      It increases your willpower.
Missiles
 d - 5 throwing nets (quivered)
 e - a javelin
 C - 6 poisoned darts
Armour
 h - a +0 robe of willpower
 o - a +0 pair of gloves (worn)
 I - the +3 ring mail of the Seven of Pentacles (worn) {Rampage Fly Str+3}
   (You found it on level 5 of the Dungeon)

   Str:       It affects your strength (+3).
   Fly:       It grants you flight.
   Rampage:   It bestows one free step when moving towards enemies.
 J - a +1 pair of boots (worn)
Magical Staves
 i - a staff of death
Jewellery
 j - a ring of positive energy (left hand)
 r - a ring of magical power
 w - a ring of wizardry
 A - a ring of flight
 D - a +5 ring of evasion (right hand)
Wands
 B - a wand of mindburst (7)
 E - a wand of flame (23)
Scrolls
 s - 2 scrolls of fog
 u - a scroll of acquirement {unknown}
 y - 2 scrolls of noise {unknown}
 F - 2 scrolls of blinking
 G - 2 scrolls of immolation {unknown}
 H - a scroll of enchant weapon {unknown}
Potions
 b - a potion of brilliance
 c - a potion of haste {unknown}
 f - 4 potions of curing
 g - a potion of cancellation
 k - 5 potions of heal wounds
 l - 3 potions of invisibility
 m - a potion of ambrosia
 n - a potion of lignification {unknown}
 t - a potion of might
 v - a potion of attraction {unknown}
 x - a potion of magic {unknown}


   Skills:
 + Level 4.6 Fighting
 + Level 7.2 Short Blades
 + Level 6.6 Polearms
 + Level 2.1 Throwing
 + Level 3.4 Armour
 + Level 7.5 Dodging
 + Level 1.4 Stealth


You had 7 spell levels left.
You didn't know any spells.
Your spell library contained the following spells:

 Spells                   Type           Power      Damage    Failure   Level
 Magic Dart               Conj           0%         1d3       63%         1
 Slow                     Hex            0%         N/A       63%         1
 Cigotuvi's Dreadful Rot  Necr/Pois/Air  0%         N/A       77%         2
 Scorch                   Fire           0%         2d5       77%         2
 Searing Ray              Conj           0%         2d4       77%         2
 Confusing Touch          Hex            0%         N/A       94%         3
 Ozocubu's Armour         Ice            0%         N/A       94%         3
 Vampiric Draining        Necr           0%         2d6       94%         3
 Dispel Undead            Necr           0%         3d6       100%        4
 Flame Wave               Conj/Fire      0%         2d4       100%        4
 Fulminant Prism          Conj/Hex       0%         3d5       100%        4
 Metabolic Englaciation   Hex/Ice        0%         N/A       100%        5
 Death Channel            Necr           0%         N/A       100%        6
 Simulacrum               Ice/Necr       0%         N/A       100%        6
 Summon Cactus Giant      Summ           0%         N/A       100%        6


Dungeon Overview and Level Annotations

Branches:
Dungeon (7/15)             Temple (1/1) D:6

Altars:
Ashenzari
Cheibriados
Dithmenos
Elyvilon
Gozag
Hepliaklqana
Kikubaaqudgha
Makhleb
Okawaru
Qazlal
Ru
Sif Muna
Trog
Uskayaw
Vehumet
Wu Jian
Xom
Yredelemnul
Zin

Shops:
D:3 !


Innate Abilities, Weirdness & Mutations

Your life essence is reduced to manifest your ancestor. (-10% HP)
((You are very nimble when in or above water. (Stealth+, EV+, Speed+++)))
Your lower body shifts to a powerful aquatic tail in water.
You have a pair of small antennae on your head.
You are partially covered in iridescent scales. (AC +2)


Message History

You reach down and open the door.
The +10 dagger "Qephoeth" {flame, Will+ Str+4 Int-2 SInv} stops flaming.
a - a +0 trident (weapon)
Demetirus hits the sixfirhy.
Reach: a) +0 trident
Press: ? - help, Dir - move target, f - sixfirhy
Aim: a sixfirhy (lightly wounded, ally target, about 69% to evade your +0 trident)
You reach to attack!
You barely miss the sixfirhy.
The sixfirhy is lightly wounded.
The sixfirhy hits Demetirus!
The sixfirhy shocks Demetirus!
The sixfirhy hits Demetirus.
The sixfirhy shocks Demetirus!
Demetirus is destroyed!
The sixfirhy hits you but does no damage.
You feel stronger.
You feel stupid.
The +10 dagger "Qephoeth" {flame, Will+ Str+4 Int-2 SInv} bursts into flame!
q - the +10 dagger "Qephoeth" (weapon)
{flame, Will+ Str+4 Int-2 SInv} The sixfirhy misses you.
The sixfirhy hits you. The sixfirhy shocks you!
You hit the sixfirhy. You burn the sixfirhy.
The sixfirhy is moderately wounded.
The sixfirhy misses you. The sixfirhy hits you. The sixfirhy shocks you!
You closely miss the sixfirhy. You punch the sixfirhy.
The sixfirhy is moderately wounded.
You hit the sixfirhy. You burn the sixfirhy.
The sixfirhy is moderately wounded.
You hit the sixfirhy. You burn the sixfirhy.
The sixfirhy is heavily wounded.
You puncture the sixfirhy! You burn the sixfirhy.
The sixfirhy is severely wounded.
The sixfirhy misses you. The sixfirhy barely misses you.
You hit the sixfirhy. You burn the sixfirhy.
The sixfirhy is severely wounded.
The sixfirhy hits you!
* * * LOW HITPOINT WARNING * * *
The sixfirhy shocks you!
* * * LOW HITPOINT WARNING * * *
The sixfirhy hits you.
* * * LOW HITPOINT WARNING * * *
The sixfirhy shocks you!
You die...

.####.#..........#
##..........##...##
##.....##....##...#
.................##
#..#............##
.####.........####
.................#
.............###.##
..........#..#_3@.##
.............###...##
...)รท............#..#
....)...............#
...))...............#
................#..##
..............######
.................##
..................#


You could see a sixfirhy.

Vanquished Creatures
  A sky beast (D:7)
  3 ogres
  2 black bears
  2 ice beasts
  A centaur (D:6)
  A scorpion (D:5)
  A howler monkey (D:6)
  A gnoll bouda (D:7)
  3 hounds
  A jelly (D:5)
  2 orc priests (D:5)
  3 iguanas
  3 sleepcaps
  Ijyb (D:4)
  An orc wizard (D:6)
  A mummy (D:7)
  15 gnolls
  5 adders
  A shadow imp (D:6)
  2 white imps
  4 dart slugs
  8 orcs
  5 ball pythons
  7 bats
  9 endoplasms
  5 giant cockroaches
  2 goblins
  4 hobgoblins
  5 jackals
  6 quokkas
  3 frilled lizards
  3 kobolds (D:1)
  7 rats
118 creatures vanquished.

Vanquished Creatures (others)
  2 ancestors (D:7)
2 creatures vanquished.

Grand Total: 120 creatures vanquished

Notes
Turn   | Place    | Note
-------+----------+-------------------------------------------
     0 | D:1      | Thug187 the Merfolk Gladiator began the quest for the Orb.
     0 | D:1      | Reached XP level 1. HP: 16/16 MP: 1/1
   163 | D:1      | Reached XP level 2. HP: 23/23 MP: 2/2
   373 | D:1      | Found a faded altar of an unknown god.
   586 | D:1      | Reached XP level 3. HP: 28/28 MP: 3/3
   821 | D:2      | Identified the +10 dagger "Qephoeth" {flame, Will+ Str+4
                  | Int-2 SInv}
   938 | D:2      | Reached skill level 5 in Polearms
  1254 | D:2      | Reached XP level 4. HP: 34/34 MP: 4/4
  1256 | D:2      | Reached skill level 5 in Dodging
  1506 | D:3      | Found Ziloofum's Distillery.
  1889 | D:3      | Found a radiant altar of Vehumet.
  1971 | D:3      | Reached XP level 5. HP: 40/40 MP: 5/5
  3125 | D:4      | Noticed Ijyb
  3137 | D:4      | Killed Ijyb
  3513 | D:5      | Entered Level 5 of the Dungeon
  3528 | D:5      | Identified the +3 ring mail of the Seven of Pentacles
                  | {Rampage Fly Str+3}
  3627 | D:5      | Noticed a black bear
  3633 | D:5      | Reached skill level 1 in Short Blades
  3633 | D:5      | Reached skill level 1 in Armour
  3633 | D:5      | Reached XP level 6. HP: 38/47 MP: 6/6
  3638 | D:5      | Killed a black bear
  3679 | D:5      | Gained mutation: You have a pair of small antennae on your
                  | head. [potion of mutation]
  3679 | D:5      | Gained mutation: You are partially covered in iridescent
                  | scales. (AC +2) [potion of mutation]
  3890 | D:5      | Reached XP level 7. HP: 52/52 MP: 7/7
  3950 | D:5      | Found a large runed translucent door.
  3951 | D:5      | Found a large runed translucent door.
  3994 | D:5      | Reached skill level 1 in Stealth
  4004 | D:5      | Found a sacrificial altar of Ru.
  4017 | D:5      | Found a shimmering altar of Xom.
  4308 | D:6      | Found a hazy altar of Hepliaklqana.
  4319 | D:6      | Became a worshipper of Hepliaklqana the Forgotten
  4413 | D:6      | Found a staircase to the Ecumenical Temple.
  4446 | Temple   | Entered the Ecumenical Temple
  4632 | D:6      | Found a shimmering blue altar of Sif Muna.
  4716 | D:6      | Reached XP level 8. HP: 51/60 MP: 8/8
  4818 | D:6      | Reached skill level 5 in Short Blades
  5166 | D:7      | Reached * piety under Hepliaklqana
  5219 | D:7      | Found a snail-covered altar of Cheibriados.
  5286 | D:7      | Found a faded altar of an unknown god.
  5476 | D:7      | Found a runed translucent door.
  5477 | D:7      | Found a burning altar of Makhleb.
  5477 | D:7      | Noticed a sixfirhy
  5876 | D:7      | Mangled by a sixfirhy

Illustrated notes

Levels and vault maps discovered:
D:1:      amcnicky_arrival_gap_in_the_tavern_cellar, layout_basic,
          dreamdust_ecumenical_altar_angels_and_demons
D:2:      layout_loops_ring, minivault_14
D:3:      layout_basic, lemuel_tele_altar, serial_shops, nicolae_shop_peninsula,
          chequers_serial_rivers_small_b, chequers_serial_rivers_room_a,
          minmay_door_square, minmay_misc_feat_pillars,
          chequers_serial_rivers_micro_c
D:4:      layout_gridville, uniq_ijyb
D:5:      layout_rooms, jmf_multi_god_temple2, kennysheep_small_circle
D:6:      layout_basic, nicolae_sif_muna_condensation, old_standard_altar,
          minmay_temple_entry_offerings
D:7:      layout_cave_pools, nzn_makhleb_speed_demon, slow_altar_1,
          serial_column_ruins, column_ruins_temple_circle, column_ruins_hut,
          column_ruins_grid_3, column_ruins_corridor_straight,
          column_ruins_open_small, column_ruins_open_small
Temple:   hellmonk_temple_two_chambers

Skill      XL: |  1  2  3  4  5  6  7  8 |
---------------+-------------------------+-----
Polearms       | 5 6 |  6.6
Dodging        | 5 6 7 |  7.5
Fighting       | 3 4 |  4.6
Short Blades   | 1 2 4 7 |  7.2
Armour         | 1 2 3 |  3.4
Stealth        | 1 |  1.4
Throwing       | |  2.1

Action                     |  1- 3 |  4- 6 |  7- 9 || total
---------------------------+-------+-------+-------++-------
  Melee: Trident           |    84 |       |     1 ||    85
         Dagger            |    10 |    99 |   140 ||   249
         Tailslap          |     2 |       |       ||     2
         Punch             |     1 |     1 |     1 ||     3
  Throw: Throwing net      |     1 |       |       ||     1
    Use: Potion            |     2 |     4 |       ||     6
         Scroll            |       |     2 |     5 ||     7
 Armour: Leather armour    |    25 |    10 |       ||    35
         Ring mail         |       |    15 |    35 ||    50
  Dodge: Dodged            |    74 |    95 |   141 ||   310

Table legend: (Time is in decaauts)
 A = Elapsed time spent in this place.
 B = Non-inter-level travel time spent in this place.
 C = Inter-level travel time spent in this place.
 D = Time resting spent in this place.
 E = Time spent auto-exploring this place.
 F = Levels seen in this place.
 G = Mean time per level.
                   A        B        C        D        E       F      G
               +--------+--------+--------+--------+--------+-----+--------+
         Total |   5826 |   5826 |      0 |      0 |     16 |   8 |  728.2 |
       Dungeon |   5744 |   5744 |      0 |      0 |     16 |   7 |  820.6 |
        Temple |     81 |     81 |      0 |      0 |      0 |   1 |   81.0 |
               +--------+--------+--------+--------+--------+-----+--------+

Top non-repeatable levels by time:
     D:3: 1136 daAuts
     D:4: 885 daAuts
     D:6: 778 daAuts
     D:2: 759 daAuts
     D:7: 737 daAuts
     D:5: 725 daAuts
     D:1: 721 daAuts
  Temple: 81 daAuts
